 Dungeon Crawl Stone Soup version 0.21.1-1-g345015f (webtiles) character file.

3228 diana the Grappler (level 9, -1/62 HPs)
             Began as a Demonspawn Gladiator on May 31, 2018.
             Was a Follower of Uskayaw.
             Slain by a porcupine (4 damage)
             ... on level 8 of the Dungeon.
             The game lasted 00:24:31 (7092 turns).

diana the Grappler (Demonspawn Gladiator)           Turns: 7092, Time: 00:24:33

Health: -1/62      AC: 12    Str: 16    XL:     9   Next: 66%
Magic:  3/9        EV:  3    Int: 11    God:    Uskayaw [*.....]
Gold:   403        SH:  8    Dex: 15    Spells: 8/8 levels left

rFire    + + .     SeeInvis .     - Unarmed
rCold    x . .     Gourm    .   q - +0 shield
rNeg     . . .     Faith    .   m - +0 plate armour
rPois    .         Spirit   .   (helmet restricted)
rElec    .         Reflect  .   (no cloak)
rCorr    .         Harm     .   (no gloves)
MR       .....                  (no boots)
Stlth    ..........             (no amulet)
HPRegen  0.20/turn              p - ring of fire
MPRegen  0.11/turn              (no ring)

@: lethally poisoned (-1 -> -7), starving
A: beak, horns 2, rugged brown scales 1, fire resistance 1
a: Stomp, Renounce Religion


You were on level 8 of the Dungeon.
You worshipped Uskayaw.
Uskayaw was noncommittal.
You were starving.

You visited 2 branches of the dungeon, and saw 9 of its levels.

You collected 403 gold pieces.

Inventory:

Missiles
 c - 2 throwing nets (quivered)
Armour
 a - a +0 leather armour
 b - a +0 helmet
 m - a +0 plate armour (worn)
 q - a +0 shield (worn)
 u - a +0 large shield
 x - +0 steam dragon scales
Jewellery
 p - a ring of fire (left hand)
Wands
 e - a wand of paralysis (9)
 o - a wand of polymorph (4)
Scrolls
 f - 2 scrolls of enchant armour {unknown}
 g - 4 scrolls of remove curse {unknown}
 h - a scroll of noise {unknown}
 i - 2 scrolls of amnesia {unknown}
 k - 2 scrolls of enchant weapon {unknown}
 l - 4 scrolls of identify {unknown}
 n - 2 scrolls of immolation {unknown}
 t - a scroll of vulnerability {unknown}
Potions
 j - 3 potions of mutation
 w - 2 potions of brilliance {unknown}
 z - a potion of heal wounds
Books
 r - a book of Misfortune

   Spells                             Type                      Level
   a - Confusing Touch                Hexes                        1
   b - Confuse                        Hexes                        3
   c - Gell's Gravitas                Translocation                3
   d - Petrify                        Transmutation/Earth          4
   e - Metabolic Englaciation         Hexes/Ice                    5
   f - Yara's Violent Unravelling     Hexes/Transmutation          5
Comestibles
 d - 8 rations


   Skills:
 + Level 2.0 Fighting
 - Level 1.7 Throwing
 + Level 3.2 Armour
 + Level 2.7 Dodging
 - Level 0.8 Stealth
 + Level 2.2 Shields
 * Level 11.7 Unarmed Combat
 + Level 0.4 Invocations


You had 8 spell levels left.
You didn't know any spells.

Dungeon Overview and Level Annotations

Branches:
Dungeon (8/15)             Temple (1/1) D:6
   Lair: D:8-11

Altars:
Ashenzari
Cheibriados
Dithmenos
Elyvilon
Fedhas
Gozag
Hepliaklqana
Kikubaaqudgha
Makhleb
Nemelex Xobeh
Okawaru
Qazlal
Ru
Sif Muna
Trog
Uskayaw
Vehumet
Wu Jian
Xom
Yredelemnul
Zin
The Shining One

Shops:
D:5 (

Annotations:
D:8 Tiareth's ghost, novice DEWz


Innate Abilities, Weirdness & Mutations

You have a pair of horns on your head.
Your flesh is heat resistant. (rF+)
You have a beak for a mouth.
You are partially covered in rugged brown scales. (AC +1, +3% HP)


Message History

You can no longer pass through a line of other dancers.
You feel better.
The killer bee stings you but does no damage.
The killer bee barely misses you.
The porcupine bites you but does no damage.
The killer bee stings you but does no damage. x2
Okay, then.
You are struck by the porcupine's spines.
* * * LOW HITPOINT WARNING * * *
You barely miss the porcupine. Your headbutt misses the porcupine.
The porcupine is severely wounded.
The killer bee stings you but does no damage.
The porcupine bites you.
* * * LOW HITPOINT WARNING * * *
The killer bee stings you.
* * * LOW HITPOINT WARNING * * *
You are lethally poisoned!
The killer bee poisons you! The killer bee barely misses you.
The porcupine bites you.
You die...

...... ...# ....##
...# .....# #..#
.W...# #..# .##..#
#..# .# #..# .#
#..### ## #.Hyy#
......########†#@#
.P..P...5ry.5H.#r#
.P./.....H######÷#
.P.....P.. #)#
P.P....... #.#
P##+#..H.. #.# .#
#...P. #.# #..P..
#.# #r.... #.#


You could see a hippogriff, a porcupine and 2 killer bees.

Vanquished Creatures
  Pikel (D:6)
  Sigmund (D:2)
  Eustachio (D:4)
  A steam dragon (D:7)
  Menkaure (D:4)
  Duvessa (D:6)
  A water moccasin (D:8)
  7 ogres
  2 centaurs (D:6)
  Blork the orc (D:4)
  2 bullfrogs
  Dowan (D:6)
  2 scorpions
  3 killer bees (D:8)
  A crimson imp (D:6)
  2 hounds
  An orc priest (D:5)
  An iguana (D:5)
  7 orc wizards
  Ijyb (D:3)
  5 worker ants
  A hound skeleton (D:4)
  Robin (D:2)
  7 gnolls
  14 adders
  A shadow imp (D:5)
  4 oozes
  An adder skeleton (D:6)
  2 worms
  4 dart slugs
  3 leopard geckos
  14 orcs
  3 giant cockroaches (D:3)
  9 goblins
  5 hobgoblins
  6 jackals
  A quokka (D:3)
  4 bats
  5 frilled lizards
  9 kobolds
  A quokka zombie (D:6)
  8 rats
146 creatures vanquished.

Vanquished Creatures (others)
  16 fungi (D:8)
  4 plants (D:8)
20 creatures vanquished.

Grand Total: 166 creatures vanquished

Notes
Turn   | Place    | Note
-------+----------+-------------------------------------------
     0 | D:1      | diana the Demonspawn Gladiator began the quest for the Orb.
     0 | D:1      | Reached XP level 1. HP: 16/16 MP: 1/1
   190 | D:1      | Reached skill level 3 in Unarmed Combat
   361 | D:1      | Gained mutation: You have a pair of small horns on your head. [demonic ancestry]
   361 | D:1      | Reached XP level 2. HP: 21/22 MP: 2/2
   862 | D:2      | Reached XP level 3. HP: 10/27 MP: 3/3
  1234 | D:2      | Reached skill level 4 in Unarmed Combat
  1333 | D:2      | Noticed Robin
  1355 | D:2      | Noticed Sigmund
  1356 | D:2      | Killed Robin
  1356 | D:2      | Reached XP level 4. HP: 33/33 MP: 4/4
  1380 | D:2      | Killed Sigmund
  1380 | D:2      | Reached skill level 1 in Armour
  1380 | D:2      | Reached skill level 5 in Unarmed Combat
  1380 | D:2      | Reached XP level 5. HP: 33/38 MP: 5/5
  1823 | D:3      | Gained mutation: You have a beak for a mouth. [potion of mutation]
  1823 | D:3      | Gained mutation: You are partially covered in rugged brown scales. (AC +1, +3% HP) [potion of mutation]
  1897 | D:3      | Gained mutation: You have a pair of horns on your head. [demonic ancestry]
  1897 | D:3      | Reached XP level 6. HP: 26/45 MP: 6/6
  2016 | D:3      | Noticed Ijyb
  2017 | D:3      | Paralysed by Ijyb for 2 turns
  2024 | D:3      | Paralysed by something for 3 turns
  2029 | D:3      | Paralysed by something for 4 turns
  2035 | D:3      | Killed Ijyb
  2066 | D:3      | Reached skill level 6 in Unarmed Combat
  2439 | D:4      | Noticed Eustachio
  2563 | D:4      | Noticed Blork the orc
  2583 | D:5      | Entered Level 5 of the Dungeon
  2838 | D:5      | Reached skill level 1 in Shields
  3176 | D:4      | Gained mutation: Your flesh is heat resistant. (rF+) [demonic ancestry]
  3176 | D:4      | Reached XP level 7. HP: 16/51 MP: 7/7
  3450 | D:4      | Killed Blork the orc
  3530 | D:4      | Killed Eustachio
  3530 | D:4      | Reached skill level 7 in Unarmed Combat
  3906 | D:4      | Noticed Menkaure
  3913 | D:4      | Killed Menkaure
  3913 | D:4      | Reached XP level 8. HP: 13/57 MP: 8/8
  4412 | D:5      | Reached skill level 8 in Unarmed Combat
  4754 | D:5      | Found a burning altar of Makhleb.
  4773 | D:5      | Found Plog's Weapon Boutique.
  4785 | D:5      | You fall through a shaft!
  4805 | D:6      | Reached skill level 9 in Unarmed Combat
  5215 | D:6      | Noticed Dowan
  5216 | D:6      | Noticed Duvessa
  5261 | D:6      | Killed Duvessa
  5265 | D:6      | Killed Dowan
  5522 | D:6      | Found Uceucimn's Magic Scroll Emporium.
  5545 | D:6      | Noticed Pikel
  5570 | D:6      | Killed Pikel
  5570 | D:6      | Reached skill level 10 in Unarmed Combat
  5570 | D:6      | Reached XP level 9. HP: 51/62 MP: 9/9
  5598 | D:6      | Found a staircase to the Ecumenical Temple.
  5751 | Temple   | Entered the Ecumenical Temple
  6010 | Temple   | Became a worshipper of Uskayaw the Reveler
  6087 | D:6      | Reached * piety under Uskayaw
  6091 | D:6      | Reached ** piety under Uskayaw
  6496 | D:7      | Reached skill level 11 in Unarmed Combat
  6515 | D:7      | Reached *** piety under Uskayaw
  6568 | D:7      | Reached **** piety under Uskayaw
  6768 | D:8      | Noticed Tiareth's ghost (novice DEWz)
  7092 | D:8      | HP: 3/62 [killer bee (1)]
  7092 | D:8      | Slain by a porcupine

Skill      XL: |  1  2  3  4  5  6  7  8  9 |
---------------+----------------------------+-----
Unarmed Combat | 3 4 5 6 7 10 11 | 11.7
Armour         | 1 2 3 |  3.2
Shields        | 1 2 |  2.2
Fighting       | |  2.0
Throwing       | |  1.7
Dodging        | |  2.7
Stealth        | |  0.8
Invocations    | |  0.4

Action                   |  1- 3 |  4- 6 |  7- 9 || total
-------------------------+-------+-------+-------++-------
Melee: Unarmed           |    84 |   216 |   332 ||   632
       Headbutt          |    13 |    53 |    48 ||   114
       Peck              |       |    17 |    62 ||    79
       Punch             |       |     1 |       ||     1
Throw: Throwing net      |       |     1 |     1 ||     2
Invok: Stomp             |       |       |     3 ||     3
       Line Pass         |       |       |     1 ||     1
Evoke: Wand              |       |     1 |     3 ||     4
  Use: Potion            |     1 |     6 |     5 ||    12
       Scroll            |       |     2 |     1 ||     3
 Stab: Held in net/web   |       |     1 |       ||     1
       Paralysed         |       |       |    11 ||    11
  Eat: Chunk             |     1 |     6 |     5 ||    12
       Ration            |       |       |     2 ||     2
Armor: Leather armour    |    11 |       |       ||    11
       Plate armour      |    19 |   177 |   180 ||   376
       Skin              |    16 |     1 |       ||    17
Dodge: Dodged            |    27 |    26 |    29 ||    82
Block: Shield            |       |    78 |   106 ||   184
